 Dungeon Sprint DCSS version 0.23.0 (webtiles) character file.

Game seed: 2155215994442928321

11739 Kairos the Severer (level 12, -6/107 HPs)
             Began as a Formicid Fighter on Feb 12, 2019.
             Was the Champion of the Shining One.
             Mangled by a red ugly thing (16 damage)
             ... in the Dungeon (Sprint V: "Ziggurat Sprint").
             The game lasted 00:09:07 (1238 turns).

Kairos the Severer (Formicid Fighter)               Turns: 1238, Time: 00:09:08

Health: -6/107     AC: 30    Str: 26      XL:     12   Next: 11%
Magic:  14/16      EV:  3    Int:  7 (8)  God:    the Shining One [******]
Gold:   0          SH: 38    Dex: 10      Spells: 11/11 levels left

rFire    . . .     SeeInvis +   b - +7 executioner's axe (holy)
rCold    . . .     Gourm    .   F - +18 shield of the Gong {rElec rN+ MR+ EV-5}
rNeg     + + +     Faith    .   E - +15 Maxwell's patent armour {-Cast -Tele rElec MR+ rCorr}
rPois    .         Spirit   .   (helmet unavailable)
rElec    +         Reflect  .   (no cloak)
rCorr    +         Harm     .   (no gloves)
MR       +++..     NoCast   +   (no boots)
Stlth    ..........             (no amulet)
HPRegen  0.27/turn              (no ring)
MPRegen  0.15/turn              (no ring)

@: divine shield, glowing, studying Fire Magic
A: permanent stasis, dig shafts and tunnels, four strong arms, antennae 3,
blurry vision 1, deterioration 1, no potion heal 1
a: Dig, Divine Shield, Cleansing Flame, Summon Divine Warrior, Renounce Religion


You were in the Dungeon.
You worshipped the Shining One.
The Shining One was exalted by your worship.
You were very hungry.

You visited 1 branch

Inventory:

Hand Weapons
 b - a +7 executioner's axe of holy wrath (weapon)
 c - a +5 demon whip
 D - the +9 heavy crossbow "Sniper" {velocity, Acc+∞ SInv}
   (You found it in the Dungeon)

   Any bolt fired from it inflicts extra damage.
   It lets you see invisible.
 G - the +7 great mace "Firestarter" {inner flame, rF++}
   (You found it in the Dungeon)

   It has been specially enchanted to burn those struck by it, causing extra
   injury to most foes and up to half again as much damage against particularly
   susceptible opponents.
   It greatly protects you from fire.
 H - the +8 lance "Wyrmbane" {slay drac, rPois rF+ rC+ AC+3}
   (You found it in the Dungeon)

   It affects your AC (+3).
   It protects you from fire.
   It protects you from cold.
   It protects you from poison.
 K - a +5 battleaxe
 T - a +0 battleaxe of flaming
Missiles
 I - 1037 bolts
Armour
 a - +5 gold dragon scales
 E - the +15 Maxwell's patent armour (worn) {-Cast -Tele rElec MR+ rCorr}
   (You found it in the Dungeon)

   It insulates you from electricity.
   It affects your resistance to hostile enchantments.
   It prevents spellcasting.
   It prevents most forms of teleportation.
   It provides partial protection from all sources of acid and corrosion.
 F - the +18 shield of the Gong (worn) {rElec rN+ MR+ EV-5}
   (You found it in the Dungeon)

   It affects your evasion (-5).
   It insulates you from electricity.
   It protects you from negative energy.
   It affects your resistance to hostile enchantments.
 Q - +1 pearl dragon scales
 R - a +1 cloak of magic resistance
Jewellery
 x - a +6 ring of dexterity
 y - a +6 ring of dexterity
 z - a +6 ring of intelligence
 A - a +6 ring of intelligence
 B - a +6 ring of strength
 C - a +6 ring of strength
 O - the ring "Giebuok" {rF+ AC+1 Int-3 Dex+3 Stlth+}
   (You found it in the Dungeon)

   [ring of protection]

   It affects your AC (+1).
   It affects your intelligence (-3).
   It affects your dexterity (+3).
   It protects you from fire.
   It makes you more stealthy.
 P - an uncursed ring of ice
 S - the ring "Oloezas" {Int+2 Stlth-}
   (You took it off a vampire mage in the Dungeon)

   [ring of attention]

   It affects your intelligence (+2).
   It makes you less stealthy.
Wands
 u - a wand of disintegration (7)
 v - a wand of iceblast (7)
 w - a wand of acid (7)
Scrolls
 h - 4 scrolls of amnesia
 j - 7 scrolls of fog
 k - 4 scrolls of blinking
 l - a scroll of holy word
 m - 5 scrolls of identify
 n - 5 scrolls of remove curse
 o - 2 scrolls of fear
Potions
 d - 5 potions of might
 e - 9 potions of curing
 g - 11 potions of heal wounds
 i - 7 potions of magic
 p - 2 potions of brilliance
 q - 2 potions of invisibility
 r - 4 potions of resistance
 s - a potion of experience
 t - 5 potions of agility
Books
 J - a manual of Fire Magic
Miscellaneous
 L - a box of beasts
 M - a fan of gales
 N - a phial of floods
Comestibles
 f - 7 rations


   Skills:
 + Level 14.0 Fighting
 * Level 20.7 Axes
 + Level 11.1 Armour
 + Level 1.1 Dodging
 + Level 1.1 Stealth
 - Level 9.1 Shields
 * Level 6.3 Invocations


You had 11 spell levels left.
You didn't know any spells.
Your spell library contained the following spells:

 Spells                   Type           Power        Failure   Level  Hunger
 Animate Skeleton         Necr           N/A          99%         1    ##.....
 Beastly Appendage        Tmut           #.....       99%         1    ##.....
 Corona                   Hex            #......      99%         1    ##.....
 Sting                    Conj/Pois      #...         99%         1    ##.....
 Ensorcelled Hibernation  Hex/Ice        #.....       99%         2    ###....
 Sticks to Snakes         Tmut           #.......     99%         2    ###....
 Confuse                  Hex            #.......     100%        3    ####...
 Dazzling Spray           Conj/Hex       #.....       100%        3    ####...
 Ignite Poison            Fire/Tmut/Pois #.......     100%        3    ####...
 Spider Form              Tmut/Pois      #.........   100%        3    ####...
 Tukima's Dance           Hex            #.......     100%        3    ####...
 Ice Form                 Ice/Tmut       #.......     100%        4    #####..
 Blade Hands              Tmut           #.........   100%        5    ######.
 Dispel Undead            Necr           #.......     100%        5    ######.
 Fireball                 Conj/Fire      #.........   100%        5    ######.
 Bolt of Fire             Conj/Fire      #.........   100%        6    #######
 Haunt                    Necr/Summ      #.........   100%        7    #######
 Ring of Flames           Chrm/Fire      #.........   100%        7    #######
 Borgnjor's Revivificati  Necr           #.........   100%        8    #######
 Death's Door             Chrm/Necr      #.........   100%        8    #######
 Ignition                 Fire           #.........   100%        8    #######
 Infestation              Necr           #.........   100%        8    #######
 Necromutation            Tmut/Necr      #.........   100%        8    #######


Dungeon Overview and Level Annotations

Branches:
Dungeon (1/1)

Altars:
Ashenzari
Cheibriados
Dithmenos
Elyvilon
Fedhas
Gozag
Hepliaklqana
Kikubaaqudgha
Makhleb
Nemelex Xobeh
Okawaru
Qazlal
Ru
Sif Muna
Trog
Uskayaw
Vehumet
Wu Jian
Xom
Yredelemnul
Zin
The Shining One
Beogh
Jiyva
Lugonu

Annotations:
D 1 transporter


Innate Abilities, Weirdness & Mutations

You cannot be hasted, slowed, berserked, paralysed or teleported.
You can dig through walls and to a lower floor.
Your four strong arms can wield two-handed weapons with a shield.
You have a pair of large antennae on your head. (SInv)
Scrolls take you a little longer to read.
Your body sometimes deteriorates upon taking damage.
Potions are less effective at restoring your health.


Message History

PTOANNNG!
The lindwurm claws you!
* * * LOW HITPOINT WARNING * * *
The lindwurm claws you but does no damage.
The crimson imp blinks!
The floating eye gazes piercingly through you!
Your stasis prevents you from being paralysed.
Your system partially rejects the healing.
You feel much better. You block the hornet's attack.
SHROANNG!
You block the yaktaur's attack.
GONNNNG!
The neqoxec gestures at you.
Something tries to feed on your intellect!
You block the hornet's attack.
GONNNNG!
The red ugly thing tail-slaps you.
* * * LOW HITPOINT WARNING * * *
You are engulfed in flames!
You die...

▓▓▓▓▓▓▓▓▓▓▓▓▓▓▓▓▓▓
▓...8©8...▓...8©8.
▓..)[="[=.▓..|[[}=
▓..)==.[..▓...}...
▓....5....▓.......
▓5........▓.......
▓3ky......▓.......
▓ukkt|....▓.......
▓@y▓†..▓..▓.......
▓c▓.....▓.▓.▓))[..
▓.G..©....▓..).©..
▓▓▓▓▓▓▓▓▓▓▓▓▓▓▓▓▓▓


{{{{{{ {{{{{{{{{{{{{{ {{{{{{ {{{{{{{{{{{{{{ {{{{{{ {{{{{{{{{{ { You could see a
red ugly thing (berserk), 2 wind drake shaped shifters, a fire crab shaped
shifter, a lindwurm shaped shifter (berserk), a moth of wrath shaped shifter, a
yaktaur (berserk), a hornet shaped shifter (berserk), a neqoxec, a floating eye,
a quasit and a crimson imp.

Vanquished Creatures
  A vampire knight (D)
  A red draconian (D)
  A purple draconian (D)
  2 yaktaur captains (D)
  A vampire mage (D)
  3 necromancers (D)
  3 cyclopes (D)
  4 draconians (D)
  3 rime drakes (D)
  2 shadows (D)
  A tarantella (shapeshifter) (D)
  A steam dragon (D)
  A chaos spawn (D)
  A neqoxec (D)
  2 acid dragons (D)
  3 water moccasins (D)
  A porcupine (D)
  An orc warrior (D)
  2 swamp drakes (D)
  A necrophage (D)
  A centaur (D)
  A wight (D)
  5 crimson imps (D)
  2 quasits (D)
  3 orc priests (D)
  2 orc wizards (D)
  An iron imp (D)
  2 iguanas (D)
  2 mummies (D)
  2 river rats (D)
  A shadow imp (D)
  A white imp (D)
  An ufetubus (D)
  An orc (D)
  4 ball pythons (D)
  A giant cockroach zombie (D)
65 creatures vanquished.

Notes
Turn   | Place    | Note
-------+----------+-------------------------------------------
     0 | D        | Found the +6 Majin-Bo {vamp, Archmagi MP+6 Int+6}
     0 | D        | Found the +7 great mace "Firestarter" {inner flame, rF++}
     0 | D        | Kairos the Formicid Fighter began the quest for the Orb.
     0 | D        | Reached XP level 1. HP: 18/18 MP: 1/1
    18 | D        | Found a blossoming altar of Fedhas.
    19 | D        | Found a viscous altar of Jiyva.
    19 | D        | Found a hazy altar of Hepliaklqana.
    19 | D        | Found a transporter.
    19 | D        | Found an opulent altar of Gozag.
    19 | D        | Found an ancient bone altar of Kikubaaqudgha.
    19 | D        | Found a corrupted altar of Lugonu.
    28 | D        | Found a burning altar of Makhleb.
    29 | D        | Found a stormy altar of Qazlal.
    29 | D        | Found an iron altar of Okawaru.
    29 | D        | Found a sacrificial altar of Ru.
    29 | D        | Found a sparkling altar of Nemelex Xobeh.
    29 | D        | Found a deep blue altar of Sif Muna.
    29 | D        | Found a bloodstained altar of Trog.
    50 | D        | Found the +9 heavy crossbow "Sniper" {velocity, Acc+∞ SInv}
    50 | D        | Found the +10 dark maul {crush}
    50 | D        | Found the +15 Maxwell's patent armour {-Cast -Tele rElec
                  | MR+ rCorr}
    50 | D        | Found the +18 shield of the Gong {rElec rN+ MR+ EV-5}
    50 | D        | Found the cursed +14 obsidian axe {chop, +Fly SInv *Curse}
    52 | D        | Found the +6 shillelagh "Devastator" {shatter}
    52 | D        | Found the +11 plutonium sword {*Contam Stlth-}
    52 | D        | Found the +8 lance "Wyrmbane" {slay drac, rPois rF+ rC+
                  | AC+3}
    52 | D        | Found the +9 sword of Zonguldrok {reap}
    52 | D        | Found the cursed +13 scythe of Curses {drain, *Curse}
    52 | D        | Found the +0 sword of Power
    52 | D        | Found the +7 mace of Variability {chain chaos}
    52 | D        | Found the +7 Singing Sword {slice, sonic wave}
    52 | D        | Found the +7 longbow "Piercer" {penet, EV-2}
    82 | D        | Became a worshipper of the Shining One
   165 | D        | Entered arena 2.
   165 | D        | Reached * piety under the Shining One
   165 | D        | Found a transporter.
   168 | D        | Reached XP level 2. HP: 25/25 MP: 2/2
   169 | D        | Reached skill level 3 in Axes
   169 | D        | Reached skill level 5 in Shields
   169 | D        | Reached XP level 3. HP: 31/31 MP: 3/3
   174 | D        | Entered arena 3.
   174 | D        | Noticed a water moccasin
   174 | D        | Reached ** piety under the Shining One
   174 | D        | Noticed a water moccasin
   174 | D        | Noticed a water moccasin
   174 | D        | Found a transporter.
   184 | D        | Killed a water moccasin
   184 | D        | Reached skill level 5 in Axes
   184 | D        | Reached skill level 5 in Armour
   184 | D        | Reached XP level 4. HP: 35/40 MP: 4/4
   184 | D        | Reached XP level 5. HP: 40/46 MP: 5/5
   185 | D        | Killed a water moccasin
   185 | D        | Reached skill level 7 in Axes
   185 | D        | Reached XP level 6. HP: 48/55 MP: 6/6
   187 | D        | Killed a water moccasin
   187 | D        | Reached skill level 8 in Axes
   297 | D        | Entered arena 4.
   297 | D        | Noticed a chaos spawn
   297 | D        | Reached *** piety under the Shining One
   297 | D        | Found a transporter.
   300 | D        | Reached **** piety under the Shining One
   300 | D        | Reached XP level 7. HP: 61/61 MP: 7/7
   302 | D        | Reached skill level 9 in Axes
   306 | D        | Killed a chaos spawn
   306 | D        | Reached skill level 10 in Axes
   320 | D        | Entered arena 5.
   320 | D        | Reached ***** piety under the Shining One
   320 | D        | Found a transporter.
   321 | D        | Found the +4 robe of Augmentation {Str+4 Int+4 Dex+4}
   330 | D        | Got Sif Muna's Papyrus of Venomous Sinister Rituals
   332 | D        | Entered arena 6.
   332 | D        | Found a transporter.
   335 | D        | Reached skill level 1 in Stealth
   339 | D        | Reached skill level 11 in Axes
   340 | D        | Reached XP level 8. HP: 71/71 MP: 8/8
   353 | D        | Entered arena 7.
   353 | D        | Noticed a purple draconian
   353 | D        | Noticed a draconian
   353 | D        | Noticed a red draconian
   353 | D        | Noticed a draconian
   353 | D        | Noticed a draconian
   353 | D        | Noticed a draconian
   354 | D        | Found a transporter.
   363 | D        | Killed a draconian
   363 | D        | Reached skill level 12 in Axes
   366 | D        | Killed a draconian
   366 | D        | Reached skill level 10 in Fighting
   366 | D        | Reached skill level 13 in Axes
   366 | D        | Reached XP level 9. HP: 39/78 MP: 9/9
   368 | D        | Killed a draconian
   368 | D        | Reached skill level 14 in Axes
   371 | D        | Killed a draconian
   371 | D        | Reached skill level 1 in Dodging
   373 | D        | Killed a purple draconian
   373 | D        | Reached skill level 16 in Axes
   373 | D        | Reached XP level 10. HP: 20/89 MP: 10/10
   373 | D        | Killed a red draconian
   373 | D        | Reached skill level 17 in Axes
   662 | D        | Entered arena 8.
   662 | D        | Noticed a yaktaur captain
   662 | D        | Noticed a cyclops
   662 | D        | Noticed a cyclops
   662 | D        | Noticed a cyclops
   662 | D        | Reached ****** piety under the Shining One
   662 | D        | Noticed a yaktaur captain
   663 | D        | Found a transporter.
   674 | D        | Killed a yaktaur captain
   674 | D        | Killed a yaktaur captain
   674 | D        | Reached skill level 18 in Axes
   674 | D        | Reached skill level 10 in Armour
   674 | D        | Reached skill level 1 in Invocations
   675 | D        | Killed a cyclops
   675 | D        | Reached XP level 11. HP: 44/97 MP: 7/11
   676 | D        | Killed a cyclops
   681 | D        | Killed a cyclops
   689 | D        | Got the ring "Giebuok" {rF+ AC+1 Int-3 Dex+3 Stlth+}
   958 | D        | Entered arena 9.
   959 | D        | Found a transporter.
   981 | D        | Entered arena 10.
   986 | D        | Found a transporter.
   991 | D        | Reached skill level 19 in Axes
  1159 | D        | Entered arena 11.
  1160 | D        | Found a transporter.
  1169 | D        | Gained mutation: Potions are less effective at restoring
                  | your health. [a neqoxec]
  1172 | D        | Gained mutation: Scrolls take you a little longer to read.
                  | [a neqoxec]
  1177 | D        | Identified a +7 executioner's axe of holy wrath (a +5
                  | executioner's axe blessed by the Shining One)
  1177 | D        | Received a gift from the Shining One
  1181 | D        | Entered arena 12.
  1181 | D        | Noticed a vampire knight
  1184 | D        | Noticed a necromancer
  1184 | D        | Noticed a necromancer
  1187 | D        | Identified the ring "Oloezas" {Int+2 Stlth-}
  1187 | D        | Noticed a vampire mage
  1188 | D        | Identified the +1 leather armour of the Elephant {rElec
                  | rC++ rN+ Str-3}
  1188 | D        | Noticed a necromancer
  1194 | D        | Killed a necromancer
  1195 | D        | Killed a necromancer
  1195 | D        | Reached skill level 5 in Invocations
  1196 | D        | Killed a vampire knight
  1196 | D        | Reached skill level 20 in Axes
  1198 | D        | Killed a necromancer
  1198 | D        | Reached XP level 12. HP: 103/106 MP: 16/16
  1200 | D        | Killed a vampire mage
  1208 | D        | Found a transporter.
  1223 | D        | Entered arena 13.
  1223 | D        | Noticed a death drake
  1223 | D        | Noticed a sea snake
  1223 | D        | Noticed a glowing orange brain
  1224 | D        | a sea snake changed into a shining eye
  1224 | D        | a glowing orange brain changed into a water nymph
  1225 | D        | Noticed a shock serpent
  1227 | D        | Noticed a deep troll
  1227 | D        | a death drake changed into a deep troll
  1227 | D        | Gained mutation: Your body sometimes deteriorates upon
                  | taking damage. [a neqoxec]
  1228 | D        | Found a transporter.
  1229 | D        | Noticed a swamp dragon
  1229 | D        | a deep troll changed into a swamp dragon
  1233 | D        | a shock serpent changed into a lindwurm
  1234 | D        | a swamp dragon changed into a cyclops
  1237 | D        | Noticed a fire crab
  1237 | D        | a cyclops changed into a fire crab
  1237 | D        | HP: 2/107 [lindwurm (glowing shapeshifter) (7)]
  1238 | D        | Mangled by a red ugly thing

Skill      XL: |  1  2  3  4  5  6  7  8  9 10 11 12 |
---------------+-------------------------------------+-----
Fighting       | 4 6 7 9 10 11 12 13 14 | 14.0
Armour         | 4 5 6 7 8 10 11 | 11.1
Shields        | 4 5 7 8 9 |  9.1
Axes           | 3 5 7 8 11 13 16 18 20 | 20.7
Stealth        | 1 |  1.1
Dodging        | 1 |  1.1
Invocations    | 1 5 6 |  6.3

Action                   |  1- 3 |  4- 6 |  7- 9 | 10-12 || total
-------------------------+-------+-------+-------+-------++-------
Melee: Battleaxe         |    12 |     4 |    32 |    44 ||    92
       Executioner's axe |       |       |       |    18 ||    18
Invok: Divine Shield     |       |       |       |     3 ||     3
       Brand Weapon With |       |       |       |     1 ||     1
  Use: Potion            |       |       |       |     5 ||     5
Armor: Plate armour      |    24 |     3 |    17 |    38 ||    82
Dodge: Dodged            |       |       |       |     6 ||     6
Block: Shield            |    30 |     7 |    61 |   113 ||   211
